 Dungeon Crawl Stone Soup version 0.21-a0-153-g78480df (webtiles) character file.

14 4thArraOfDagon the Sneak (level 2, -6/17 HPs)
             Began as an Octopode Enchanter on Aug 1, 2017.
             Killed by nerve-wracking pain
             ... invoked by Jessica
              (12 damage)
             ... on level 2 of the Dungeon.
             The game lasted 00:00:51 (351 turns).

4thArraOfDagon the Sneak (Octopode Enchanter)        Turns: 351, Time: 00:00:52

Health: -6/17      AC:  1    Str:  7    XL:     2   Next: 45%
Magic:  4/5        EV: 13    Int: 17    God:
Gold:   23         SH:  0    Dex: 12    Spells: 2/5 levels left

rFire    . . .     SeeInvis .   a - +1 dagger
rCold    . . .     Gourm    .   (no shield)
rNeg     . . .     Faith    .   (helmet restricted)
rPois    .         Spirit   .   (no amulet)
rElec    .         Reflect  .   (no ring)
rCorr    .         Harm     .   (no ring)
MR       .....                  (no ring)
Stlth    ++++......             (no ring)
HPRegen  0.05/turn              (no ring)
MPRegen  0.09/turn              (no ring)
                                (no ring)
                                (no ring)

@: no status effects
A: almost no armour, stealthy swim, amphibious, 8 rings, constrict 8, camouflage
1, gelatinous body 1
a: no special abilities


You were on level 2 of the Dungeon.
You were not hungry.

You visited 1 branch of the dungeon, and saw 2 of its levels.

You collected 23 gold pieces.

Inventory:

Hand Weapons
 a - a +1 dagger (weapon)
Scrolls
 d - 2 scrolls of remove curse {unknown}
 e - a scroll of identify {unknown}
 g - a scroll of amnesia {unknown}
 h - a scroll of magic mapping {unknown}
 i - a scroll of teleportation {unknown}
Potions
 f - a potion of brilliance {unknown}
Books
 b - a book of Maledictions

   Spells                             Type                      Level
   a - Corona                         Hexes                        1
   b - Ensorcelled Hibernation        Hexes/Ice                    2
   c - Confuse                        Hexes                        3
   d - Tukima's Dance                 Hexes                        3
   e - Dazzling Spray                 Conjuration/Hexes            3
Comestibles
 c - 3 bread rations


   Skills:
 + Level 1.0 Short Blades
 + Level 2.0 Dodging
 + Level 4.4 Stealth
 + Level 2.0 Spellcasting
 + Level 3.4 Hexes


You had 2 spell levels left.
You knew the following spells:

 Your Spells              Type           Power        Failure   Level  Hunger
a - Corona                Hex            ##.....      4%          1    #......
b - Ensorcelled Hibernat  Hex/Ice        #.....       14%         2    ###....


Dungeon Overview and Level Annotations

Branches:
Dungeon (2/15)

Altars:

Annotations:
D:2 Jessica


Innate Abilities, Weirdness & Mutations

You cannot wear most types of armour.
You are very stealthy in the water. (Stealth+)
You are amphibious.
You can wear up to eight rings at the same time.
You can use your tentacles to constrict eight enemies at once.
Your skin changes colour to match your surroundings (Stealth+).
Your rubbery body absorbs attacks. (AC +1, EV +1)


Message History

c - 3 bread rations (gained 1)
i - a scroll labeled WUORONEGHIM You now have 23 gold pieces (gained 3).
Jessica the Apprentice Sorceress comes into view.
Jessica shouts!
Jessica gestures at you while chanting. Pain shoots through your body!
Ouch! That really hurt!
Found a mace.
A quokka comes into view.
Casting: Corona
Confirm with . or Enter, or press ? or * to list all spells.
Aiming: Corona
Press: ? - help, Shift-Dir - straight line, f - Jessica
Aim: Jessica, wearing a robe (chance to defeat MR: 58%) Jessica is outlined in light.
Jessica points at you and mumbles some strange words.
Pain shoots through your body!
Ouch! That really hurt!
You die...

#.# #..##.#### #.#
#......... #.#
#...#.###. .#
##.#####.###...#.# #.
.............##...#.# #.
..................#.# #.
......#####..##...#.# #.
......#####..##...#.###.
....@..@................
..................#.####
.r................#.#
)###..............#.#
#..............#.#
#..............#.#
#..#####.###...#.####
#.. ...............
#.###..##.####


You could see Jessica and a quokka.

Vanquished Creatures
  A giant cockroach (D:1)
  2 goblins (D:1)
  2 jackals (D:1)
  2 kobolds
  A quokka (D:2)
  4 bats
  A rat (D:1)
13 creatures vanquished.

Notes
Turn   | Place    | Note
-------+----------+-------------------------------------------
     0 | D:1      | 4thArraOfDagon the Octopode Enchanter began the quest for the Orb.
     0 | D:1      | Reached XP level 1. HP: 11/11 MP: 3/3
   123 | D:1      | Reached XP level 2. HP: 11/17 MP: 3/5
   226 | D:2      | Learned a level 2 spell: Ensorcelled Hibernation
   347 | D:2      | Noticed Jessica
   351 | D:2      | Killed from afar by Jessica

Vault maps used:
D:1:      mrwooster_arrival_arrow
D:2:      first_bread, uniq_jessica

Action                   || total
-------------------------++-------
Melee: Dagger            ||    23
       Constrict         ||     5
       Tentacles         ||     3
 Cast: Corona            ||     2
 Stab: Sleeping          ||     5
Armor: Skin              ||     6
Dodge: Dodged            ||    11
